 Dungeon Crawl Stone Soup version 0.29.1-14-g9c671dbff4 (webtiles) character file.

Game seed: 6345909904509074135

108 leafyfresh the Magician (level 5, -2/35 HPs)
             Began as a Djinni Ice Elementalist on Feb 16, 2023.
             Slain by Terence
             ... wielding a +0 falchion
              (8 damage)
             ... on level 2 of the Dungeon.
             The game lasted 00:03:29 (2733 turns).

leafyfresh the Magician (Djinni Ice Elementalist)   Turns: 2733, Time: 00:03:30

Health: -2/35      AC:  8    Str:  7    XL:     5   Next: 12%
Gold:   95         EV: 13    Int: 18    God:
                   SH:  0    Dex: 14

rFire   + + +      SeeInvis .   j - +3 dagger (venom)
rCold   . . .      Faith    +   (no shield)
rNeg    . . .      Spirit   .   a - +0 robe
rPois   ∞          Reflect  .   (no helmet)
rElec   .          Harm     .   b - scarf {rC+ rF+}
rCorr   .          Rampage  .   (no gloves)
Will    .....                   (boots unavailable)
Stlth   ++........              e - amulet of faith
HPRegen 0.11/turn               (no ring)
MPRegen 0.00/turn               (no ring)

@: ice-armoured, freezing walls, flying
A: sickness immunity, fire resistance 2, cold vulnerability 1, float, innate
caster, HP casting, extra vitality 1
a: no special abilities


You were on level 2 of the Dungeon.
You visited 1 branch of the dungeon, and saw 2 of its levels.

You collected 95 gold pieces.

Inventory:

Hand Weapons
 j - a +3 dagger of venom (weapon)
Armour
 a - a +0 robe (worn)
 b - a scarf of resistance (worn)
Jewellery
 e - an amulet of faith (around neck)
Wands
 p - a wand of quicksilver (12)
Scrolls
 c - a scroll of poison {unknown}
 g - a scroll of summoning {unknown}
 k - a scroll of magic mapping {unknown}
 m - a scroll of blinking {unknown}
 n - a scroll of teleportation {unknown}
 q - a scroll of amnesia {unknown}
Potions
 d - a potion of flight {unknown}
 f - a potion of heal wounds
 h - a potion of invisibility {unknown}
 i - a potion of curing {unknown}
 l - a potion of might {unknown}
 o - a potion of degeneration {unknown}


   Skills:
 + Level 3.5 Dodging
 + Level 2.7 Stealth
 + Level 3.8 Spellcasting


You couldn't memorise any spells.
You knew the following spells:

 Your Spells              Type           Power      Damage    Failure   Level
a - Freeze                Ice            68%        1d8       3%          1
b - Frozen Ramparts       Ice            34%        1d6       9%          3
c - Ozocubu's Armour      Ice            17%        N/A       9%          3
d - Hailstorm             Conj/Ice       17%        3d6       30%         4
e - Apportation           Tloc           34%        N/A       3%          1
f - Scorch                Fire           34%        2d6       4%          2
Your spell library was empty.

Dungeon Overview and Level Annotations

Branches:
Dungeon (2/15)

Altars:

Shops:
D:1 [

Annotations:
D:2 1 runed translucent door, Crazy Yiuf, Terence


Innate Abilities, Weirdness & Mutations

You are immune to sickness and miasma.
You are immune to poison.
Your flesh is very heat resistant. (rF++)
You are vulnerable to cold. (rC-)
You float through the air rather than walking.
You learn spells naturally, not from books.
Your magical power is your life essence.
You have superior vitality. (+4 MHP)


Message History

Casting: Freeze (safe; 3% risk of failure)
Confirm with . or Enter, or press ? or * to list all spells.
Aiming: Freeze (safe; 3% risk of failure)
Press: ? - help, Shift-Dir - straight line, f/p - Terence
Aim: Terence, wielding a +0 falchion and wearing a +3 chain mail of cold resistance (lightly wounded)
You freeze Terence.
Terence resists.
Terence is moderately wounded.
Terence resists.
The wall freezes Terence.
Terence closely misses you.
Casting: Freeze (safe; 3% risk of failure)
Confirm with . or Enter, or press ? or * to list all spells.
Aiming: Freeze (safe; 3% risk of failure)
Press: ? - help, Shift-Dir - straight line, f/p - Terence
Aim: Terence, wielding a +0 falchion and wearing a +3 chain mail of cold resistance (heavily wounded)
You freeze Terence.
Terence resists.
Terence is heavily wounded.
The wall freezes Terence but does no damage.
Terence hits you but does no damage.
Casting: Freeze (safe; 3% risk of failure)
Confirm with . or Enter, or press ? or * to list all spells.
Aiming: Freeze (safe; 3% risk of failure)
Press: ? - help, Shift-Dir - straight line, f/p - Terence
Aim: Terence, wielding a +0 falchion and wearing a +3 chain mail of cold resistance (heavily wounded)
You freeze Terence.
Terence resists.
Terence is severely wounded.
The wall freezes Terence but does no damage.
Terence hits you with a +0 falchion!
* * * LOW HITPOINT WARNING * * *
Unknown command.
Casting: Freeze (safe; 3% risk of failure)
Confirm with . or Enter, or press ? or * to list all spells.
Aiming: Freeze (safe; 3% risk of failure)
Press: ? - help, Shift-Dir - straight line, f/p - Terence
Aim: Terence, wielding a +0 falchion and wearing a +3 chain mail of cold resistance (severely wounded)
You freeze Terence.
Terence resists.
Terence is severely wounded.
* * * LOW HITPOINT WARNING * * *
Terence completely resists.
The wall freezes Terence but does no damage.
Terence hits you with a +0 falchion!
You die...

..........####.#.#.####.#.#######
...............#.#.# #........
#####.###.######.#.# ######### #.
#.# #.#.# # #.# #.#.# #.# #.#.#
#.. ..#.# ##########.#
......@@..# ###########


You could see Terence.

Vanquished Creatures
  Jessica (D:2)
  Robin (D:2)
  2 gnolls (D:2)
  3 endoplasms (D:1)
  A giant cockroach (D:2)
  10 hobgoblins
  3 kobolds
  3 quokkas
  2 ball pythons (D:1)
  5 bats
  13 goblins
  3 rats
47 creatures vanquished.

Notes
Turn   | Place    | Note
-------+----------+-------------------------------------------
     0 | D:1      | leafyfresh the Djinni Ice Elementalist began the quest for
                  | the Orb.
     0 | D:1      | leafyfresh set off with the following spells memorised:
                  | Freeze, Frozen Ramparts, Ozocubu's Armour, Hailstorm.
     0 | D:1      | Reached XP level 1. HP: 15/15 MP: 0/0
    55 | D:1      | Found a faded altar of an unknown god.
   240 | D:1      | Found Hudut's Armour Shop.
   532 | D:1      | Reached XP level 2. HP: 20/21 MP: 0/0
   925 | D:1      | Reached XP level 3. HP: 13/25 MP: 0/0
   925 | D:1      | Learned a level 1 spell: Apportation
  1472 | D:2      | Noticed Jessica
  1478 | D:2      | Killed Jessica
  1479 | D:2      | Reached XP level 4. HP: 10/31 MP: 0/0
  2289 | D:2      | Noticed Robin
  2313 | D:2      | Killed Robin
  2314 | D:2      | Reached XP level 5. HP: 17/35 MP: 0/0
  2314 | D:2      | Learned a level 2 spell: Scorch
  2549 | D:2      | Found a runed translucent door.
  2550 | D:2      | Noticed Crazy Yiuf
  2721 | D:2      | Noticed Terence
  2733 | D:2      | Slain by Terence

Illustrated notes

Levels and vault maps discovered:
D:1:      minmay_arrival_open_corners, layout_loops_ring, serial_shops,
          nicolae_square_shop, hellmonk_ecumenical_altar_heavens_door,
          chequers_serial_rivers_large_a
D:2:      layout_basic, uniq_crazy_yiuf_cottage, uniq_terence, uniq_jessica,
          uniq_robin

Skill      XL: |  1  2  3 |
---------------+----------+-----
Stealth        | 2 |  2.7
Dodging        | 3 |  3.5
Spellcasting   | |  3.8

Action                   |  1- 3 |  4- 6 || total
-------------------------+-------+-------++-------
Melee: Unarmed           |    26 |       ||    26
       Dagger            |       |    25 ||    25
 Cast: Freeze            |    33 |     6 ||    39
       Frozen Ramparts   |       |     5 ||     5
       Hailstorm         |       |     3 ||     3
       Ozocubu's Armour  |       |     2 ||     2
  Use: Potion            |       |     1 ||     1
 Stab: Sleeping          |     2 |     2 ||     4
Armor: Robe              |     5 |     9 ||    14
Dodge: Dodged            |    29 |    19 ||    48
